 Dungeon Crawl Stone Soup version 0.29.0-15-g675c0067aa (webtiles) character file.

Game seed: 2022762967266472813

14 Tsarbomb the Conjurer (level 2, 0/19 HPs)
             Began as a Human Conjurer on Sept 11, 2022.
             Slain by a quokka (1 damage)
             ... on level 1 of the Dungeon.
             The game lasted 00:02:27 (1073 turns).

Tsarbomb the Conjurer (Human Conjurer)              Turns: 1073, Time: 00:02:27

Health: 0/19       AC:  2    Str:  7    XL:     2   Next: 55%
Magic:  5/5        EV: 12    Int: 18    God:
Gold:   49         SH:  0    Dex: 11    Spells: 4/5 levels left

rFire   . . .      SeeInvis .   c - +0 club
rCold   . . .      Faith    .   (no shield)
rNeg    . . .      Spirit   .   a - +0 robe
rPois   .          Reflect  .   (no helmet)
rElec   .          Harm     .   (no cloak)
rCorr   .          Rampage  .   (no gloves)
Will    .....                   (no boots)
Stlth   ++........              (no amulet)
HPRegen 0.06/turn               (no ring)
MPRegen 0.09/turn               (no ring)

@: no status effects
A: no striking features
a: no special abilities


You were on level 1 of the Dungeon.
You visited 1 branch of the dungeon, and saw 1 of its levels.

You collected 49 gold pieces.

Inventory:

Hand Weapons
 c - a +0 club (weapon)
Missiles
 h - 10 stones
Armour
 a - a +0 robe (worn)
Scrolls
 e - a scroll of identify {unknown}
 f - a scroll of butterflies {unknown}
Potions
 b - a potion of magic
 d - a potion of resistance {unknown}
 g - a potion of might {unknown}
 i - a potion of attraction {unknown}


   Skills:
 + Level 2.1 Dodging
 - Level 2.0 Stealth
 - Level 2.0 Spellcasting
 + Level 4.5 Conjurations


You had 4 spell levels left.
You knew the following spells:

 Your Spells              Type           Power      Damage    Failure   Level
a - Magic Dart            Conj           72%        1d6       2%          1

Your spell library contained the following spells:

 Spells                   Type           Power      Damage    Failure   Level
 Searing Ray              Conj           36%        2d5       4%          2
 Summon Small Mammal      Summ           4%         N/A       19%         1
 Dazzling Flash           Conj/Hex       20%        N/A       22%         3
 Call Canine Familiar     Summ           1%         N/A       47%         3
 Summon Guardian Golem    Hex/Summ       1%         N/A       47%         3
 Fulminant Prism          Conj/Hex       5%         3d7       56%         4
 Iskenderun's Mystic Bla  Conj/Tloc      10%        2d4       56%         4


Dungeon Overview and Level Annotations

Branches:
Dungeon (1/15)

Altars:


Message History

The helpless quokka fails to defend itself.
You hit the quokka but do no damage. The quokka barely misses you.
The quokka closely misses you.
You hit the quokka.
The quokka is moderately wounded.
The quokka closely misses you.
You hit the quokka but do no damage.
The quokka is moderately wounded.
The quokka bites you but does no damage. x2
You closely miss the quokka.
The quokka is moderately wounded.
The endoplasm quivers.
The quokka misses you. The rat bites you.
The quokka bites you but does no damage.
You hit the quokka but do no damage.
The quokka is moderately wounded.
The rat barely misses you. The quokka closely misses you.
The rat barely misses you.
The endoplasm jiggles.
You closely miss the quokka.
The quokka is moderately wounded.
The quokka closely misses you. The rat bites you.
The quokka closely misses you.
You barely miss the quokka.
The quokka is moderately wounded.
The quokka bites you. The rat closely misses you.
You closely miss the quokka.
The quokka is moderately wounded.
The quokka barely misses you. The rat bites you. The quokka bites you.
* * * LOW HITPOINT WARNING * * *
The rat closely misses you. The endoplasm freezes you.
You are frozen.
* * * LOW HITPOINT WARNING * * *
The rat attacks as you move away! The rat bites you.
* * * LOW HITPOINT WARNING * * *
The endoplasm attacks as you move away! The endoplasm barely misses you.
The quokka misses you. The quokka attacks as you move away!
The quokka bites you.
You die...

#.# #........# #........#
#.####........#####........#
.รท.......#....##........#
########.#...............
#.#....##).......#
#.#....##........#
#.#....##........#
#.#....##........#
#@##.#############
#r#......# ########J#......#
.......#r#......#
.......#.#......#
.......#.#......#
.......#.#......#
.........#......# #######
.......###......# ....


You could see an endoplasm, a quokka and a rat.

Vanquished Creatures
  A bat (D:1)
  2 giant cockroaches (D:1)
  2 goblins (D:1)
  A hobgoblin (D:1)
  2 ball pythons (D:1)
  A frilled lizard (D:1)
  A kobold (D:1)
  3 rats (D:1)
13 creatures vanquished.

Notes
Turn   | Place    | Note
-------+----------+-------------------------------------------
     0 | D:1      | Tsarbomb the Human Conjurer began the quest for the Orb.
     0 | D:1      | Reached XP level 1. HP: 13/13 MP: 3/3
   544 | D:1      | Reached XP level 2. HP: 19/19 MP: 1/5
  1073 | D:1      | Slain by a quokka

Illustrated notes

Levels and vault maps discovered:
D:1:      ncdulo_halloftheorcs, layout_basic, nrook_uturn

Action                   || total
-------------------------++-------
Melee: Club              ||    35
 Cast: Magic Dart        ||    11
 Stab: Sleeping          ||     2
Armor: Robe              ||    14
Dodge: Dodged            ||    31
